 Dungeon Crawl Stone Soup version 0.28.0-53-g5a82cb258f (webtiles) character file.

Game seed: 16736539440120613743

798 KamiKatze the Conjurer (level 7, -1/38 (41) HPs)
             Began as an Octopode Conjurer on May 27, 2022.
             Slain by a wight
             ... wielding a +3 short sword
              (2 damage)
             ... on level 5 of the Dungeon.
             The game lasted 00:22:53 (5260 turns).

KamiKatze the Conjurer (Octopode Conjurer)          Turns: 5260, Time: 00:22:54

HP:   -1/38 (41)    AC:  1    Str:  6    XL:     7   Next: 89%
MP:   1/13          EV: 13    Int: 22    God:
Gold: 276           SH:  0    Dex: 11    Spells: 3/14 levels left

rFire   . . .      SeeInvis .   p - +1 dagger (drain)
rCold   . . .      Faith    .   (no shield)
rNeg    . . .      Spirit   .   (helmet restricted)
rPois   +          Reflect  .   (no amulet)
rElec   .          Harm     .   q - ring of poison resistance
rCorr   .          Rampage  .   (no ring)
Will    .....                   (no ring)
Stlth   +++.......              (no ring)
HPRegen 0.12/turn               (no ring)
MPRegen 0.13/turn               (no ring)
                                (no ring)
                                (no ring)

@: drained
A: almost no armour, amphibious, 8 rings, camouflage 1, gelatinous body 1,
(nimble swimmer 1), tentacles
a: no special abilities


You were on level 5 of the Dungeon.
You visited 1 branch of the dungeon, and saw 6 of its levels.

You collected 276 gold pieces.

Inventory:

Hand Weapons
 p - a +1 dagger of draining (weapon)
Missiles
 b - 131 stones
 d - 2 atropa-tipped darts
 g - 2 throwing nets
 o - 5 poisoned darts (quivered)
Jewellery
 q - a ring of poison resistance (left tentacle)
 t - a ring of ice
Wands
 j - a wand of iceblast (8)
Scrolls
 c - 3 scrolls of magic mapping
 h - a scroll of enchant weapon
 k - a scroll of acquirement
 m - a scroll of teleportation
 s - a scroll of fog
 u - a scroll of fear
Potions
 a - a potion of berserk rage
 e - a potion of lignification
 f - 2 potions of curing
 i - 2 potions of ambrosia
 l - a potion of attraction {unknown}
 n - a potion of mutation {unknown}
 r - a potion of invisibility


   Skills:
 - Level 3.0 Dodging
 - Level 3.0 Stealth
 * Level 4.1 Spellcasting
 * Level 5.6 Conjurations
 * Level 3.7 Hexes
 * Level 4.0 Translocations


You had 3 spell levels left.
You knew the following spells:

 Your Spells              Type           Power      Damage    Failure   Level
a - Magic Dart            Conj           100%       1d8       1%          1
b - Searing Ray           Conj           58%        2d6       1%          2
c - Fulminant Prism       Conj/Hex       12%        3d9       16%         4
d - Iskenderun's Mystic   Conj/Tloc      25%        2d7       16%         4

Your spell library contained the following spells:

 Spells                   Type           Power      Damage    Failure   Level
 Dazzling Flash           Conj/Hex       50%        N/A       4%          3
 Sublimation of Blood     Necr           4%         N/A       17%         2
 Wereblood                Tmut           4%         N/A       17%         2
 Summon Hydra             Summ           2%         N/A       100%        7


Dungeon Overview and Level Annotations

Branches:
Dungeon (6/15)
 Temple: D:4-7

Altars:
Sif Muna

Shops:
D:5 (


Innate Abilities, Weirdness & Mutations

You cannot wear most types of armour.
You are amphibious.
You can wear up to eight rings at the same time.
Your skin changes colour to match your surroundings (Stealth+).
Your rubbery body absorbs attacks. (AC +1, EV +1)
((You are camouflaged when in or above water. (Stealth+)))
You have tentacles for arms and can constrict up to eight enemies at once.


Message History

You constrict the wight.
The wight hits you with a +3 short sword!
You are too injured to fight recklessly!
You are too injured to fight recklessly!
You hit the wight but do no damage.
The wight is moderately damaged.
You constrict the wight.
The wight hits you with a +3 short sword!
* * * LOW HITPOINT WARNING * * *
You hit the wight but do no damage. You squeeze the wight.
The wight is heavily damaged.
You constrict the wight, but do no damage.
The wight hits you with a +3 short sword.
* * * LOW HITPOINT WARNING * * *
You hit the wight.
The wight is severely damaged.
You constrict the wight.
The wight hits you with a +3 short sword.
* * * LOW HITPOINT WARNING * * *
You release your grip on the wight.
Casting: Searing Ray (safe; 1% risk of failure)
Confirm with . or Enter, or press ? or * to list all spells.
Aiming: Searing Ray (safe; 1% risk of failure)
Press: ? - help, Shift-Dir - straight line, f - wight
Aim: a wight, wielding a +3 short sword and wearing a +0 robe (severely damaged, 79% to hit)
The searing ray hits the wight.
The wight is almost destroyed. (Press . to maintain the ray.)
The wight misses you.
You barely miss the wight. Your grab misses the wight.
The wight is almost destroyed.
The wight barely misses you.
You closely miss the wight. You grab the wight.
You squeeze the wight, but do no damage.
The wight is almost destroyed.
You constrict the wight, but do no damage.
The wight hits you with a +3 short sword.
* * * LOW HITPOINT WARNING * * *
You feel drained.
You die...

#.........'...#
#.........###..
#.........# #..
##........# #..
#........# #..
#........# #..
#........###..
#########'##....#..
#.@....##.##....#..
#..z...##.##....#..
##......##.......'..
#..........##....###
#......>....'....+..
#........#..#....###
#........#..#.......
#.#'##.#.#..#.......
#.#....#.#..#.......


You could see a wight.

Vanquished Creatures
  A black bear (D:5)
  A centaur (D:3)
  2 wights (D:6)
  3 hounds
  A centaur skeleton (D:4)
  2 orc priests
  An iguana (D:3)
  A jelly (D:6)
  2 orc wizards (D:5)
  A hound skeleton (D:5)
  11 gnolls
  3 adders
  A howler monkey skeleton (D:5)
  2 worms
  2 dart slugs
  10 orcs
  7 endoplasms
  4 giant cockroaches
  5 goblins
  8 hobgoblins
  15 jackals
  A quokka (D:1)
  9 ball pythons
  4 bats
  4 frilled lizards
  3 kobolds
  6 rats (D:1)
110 creatures vanquished.

Vanquished Creatures (others)
  6 fulminant prisms
  3 plants (D:3)
9 creatures vanquished.

Grand Total: 119 creatures vanquished

Notes
Turn   | Place    | Note
-------+----------+-------------------------------------------
     0 | D:1      | KamiKatze the Octopode Conjurer began the quest for the
                  | Orb.
     0 | D:1      | Reached XP level 1. HP: 11/11 MP: 3/3
   173 | D:1      | Reached XP level 2. HP: 6/17 MP: 1/5
   178 | D:1      | Learned a level 2 spell: Searing Ray
   718 | D:1      | Found a faded altar of an unknown god.
   837 | D:1      | Reached XP level 3. HP: 21/21 MP: 3/6
   839 | D:1      | Reached skill level 1 in Translocations
   840 | D:1      | Reached skill level 1 in Hexes
  1483 | D:2      | Reached XP level 4. HP: 27/27 MP: 2/7
  1791 | D:3      | Reached XP level 5. HP: 31/31 MP: 1/9
  2168 | D:3      | Learned a level 4 spell: Fulminant Prism
  2291 | D:3      | Noticed a centaur
  2297 | D:3      | Killed a centaur
  2298 | D:3      | Reached XP level 6. HP: 4/36 MP: 4/10
  2621 | D:3      | Learned a level 4 spell: Iskenderun's Mystic Blast
  2641 | D:3      | Identified the +8 chain mail "Koolets" {Stlth+}
  3210 | D:3      | Identified a scroll of acquirement
  3468 | D:4      | Reached skill level 5 in Conjurations
  3912 | D:4      | Reached XP level 7. HP: 41/41 MP: 5/12
  4208 | D:5      | Entered Level 5 of the Dungeon
  4623 | D:5      | Found Rogoliji's Weapon Shop.
  4808 | D:5      | Found a shimmering blue altar of Sif Muna.
  5260 | D:5      | HP: 1/39 [wight/+3 short sword (5)]
  5260 | D:5      | Slain by a wight

Illustrated notes

Levels and vault maps discovered:
D:1:      mushboom_english_gardens, layout_basic, ebering_ecumenical_altar_mist
D:2:      layout_rooms
D:3:      layout_basic, minmay_misc_feat_roman, serial_bayou_pond_a,
          minivault_5, minmay_fractal_squares_5
D:4:      layout_loops_ring
D:5:      layout_basic, nicolae_sif_muna_condensation, serial_shops,
          nicolae_lakefront_shop
D:6:      layout_gridville, uniq_prince_ribbit1, uniq_grinder

Skill      XL: |  1  2  3  4  5  6  7 |
---------------+----------------------+-----
Stealth        | 3 |  3.0
Translocations | 1 2 3 4 |  4.0
Hexes          | 1 2 3 |  3.7
Dodging        | 3 |  3.0
Spellcasting   | 3 4 |  4.1
Conjurations   | 5 |  5.6

Action                   |  1- 3 |  4- 6 |  7- 9 || total
-------------------------+-------+-------+-------++-------
Melee: Unarmed           |    20 |       |       ||    20
       Constrict         |    11 |     5 |     4 ||    20
       Tentacles         |     7 |     3 |     4 ||    14
       Punch             |     2 |       |       ||     2
       Club              |     9 |       |       ||     9
       Dagger            |    15 |    13 |    15 ||    43
 Cast: Magic Dart        |    59 |    84 |    16 ||   159
       Searing Ray       |     3 |    23 |     8 ||    34
       Fulminant Prism   |       |     1 |     5 ||     6
  Use: Scroll            |     3 |     9 |     4 ||    16
 Stab: Sleeping          |     4 |     1 |       ||     5
Armor: Skin              |     4 |       |       ||     4
Dodge: Dodged            |    40 |    24 |    12 ||    76
